MLB
MIAMI MARLINS @ WASHINGTON NATIONALS
08/29/2026
 
TOP OF THE 1ST
Miami Marlins batting - Pitching for Washington Nationals : RHP Kirk Griffith
Pitching: RHP Kirk Griffith
Batting: SHB Sergio Alcantara 0-0: Ball
1-0: Ball
2-0: Swinging Strike
2-1: Foul Ball, location: 7LMF
2-2: Strikes out looking
Batting: RHB Kurt Daniel 0-0: Ball
1-0: Ground out 6-3 (Groundball, 6S, EV 65 MPH)
Batting: LHB Daryl Hatfield 0-0: Ball
1-0: Hit by Pitch
Batting: SHB Edgardo Medina 0-0: Ball
1-0: Called Strike
1-1: Foul Ball, location: 23F
1-2: Strikes out looking
Top of the 1st over - 0 runs, 0 hits, 0 errors, 1 left on base; Miami 0 - Washington 0
BOTTOM OF THE 1ST
Washington Nationals batting - Pitching for Miami Marlins : RHP Al Wills
Pitching: RHP Al Wills
Batting: RHB Monte Harrison 0-0: Called Strike
0-1: Called Strike
0-2: Ground out 6-3 (Groundball, 6S, EV 56 MPH)
Batting: RHB Michael Choice 0-0: Called Strike
0-1: Ball
1-1: Ball
2-1: Foul Ball, location: 3FF
2-2: Ball
3-2: Foul Ball, location: 3SF
3-2: Ground out 4-3 (Groundball, 34, EV 87 MPH)
Batting: RHB Manny Machado 0-0: Foul Ball, location: 2F
0-1: Ball
1-1: Ball
2-1: Ground out 1-3 (Groundball, 13S, EV 55 MPH)
Bottom of the 1st over - 0 runs, 0 hits, 0 errors, 0 left on base; Miami 0 - Washington 0
TOP OF THE 2ND
Miami Marlins batting - Pitching for Washington Nationals : RHP Kirk Griffith
Batting: RHB Sam Jones 0-0: Ground out U3 (Groundball, 13, EV 67 MPH)
Batting: RHB Edgardo Franco 0-0: Called Strike
0-1: Foul Ball, location: 9LMF
0-2: Strikes out swinging
Batting: RHB Luis Alvarado 0-0: Ball
1-0: Ball
2-0: Called Strike
2-1: Called Strike
2-2: Strikes out swinging
Top of the 2nd over - 0 runs, 0 hits, 0 errors, 0 left on base; Miami 0 - Washington 0
BOTTOM OF THE 2ND
Washington Nationals batting - Pitching for Miami Marlins : RHP Al Wills
Batting: RHB Sean Daniels 0-0: Called Strike
0-1: Foul Ball, location: 2RF
0-2: Ball
1-2: Ball
2-2: SINGLE (Groundball, 4D, EV 91 MPH)
Batting: RHB Oscar Hernandez 0-0: Ball
1-0: Ball
2-0: Called Strike
2-1: Swinging Strike
2-2: Ball
3-2: Base on Balls
Sean Daniels to second
Batting: LHB David Dahl 0-0: Ball
1-0: Called Strike
1-1: Ball
Sean Daniels is caught stealing 3rd base 2-5
Oscar Hernandez to second
2-1: Ball
3-1: Base on Balls
Batting: LHB Greg Bird 0-0: Foul Ball, location: 7LSF
0-1: Foul Ball, location: 7LSF
0-2: Foul Ball, location: 3FF
0-2: 3-RUN HOME RUN (Flyball, 89XD, EV 92 MPH), Distance : 405 ft
Batting: RHB Chris Jarvis 0-0: Swinging Strike
0-1: Foul Ball, location: 5DF
0-2: Ball
1-2: Strikes out swinging
Batting: SHB Lucius Fox Jr. 0-0: Ground out 4-3 (Groundball, 4S, EV 109 MPH)
Bottom of the 2nd over - 3 runs, 2 hits, 0 errors, 0 left on base; Miami 0 - Washington 3
TOP OF THE 3RD
Miami Marlins batting - Pitching for Washington Nationals : RHP Kirk Griffith
Batting: RHB Darrell Taylor 0-0: Ball
1-0: Foul Ball, location: 9LMF
1-1: Fly out, F6 (Line Drive, 6, EV 91 MPH)
Batting: RHB Rainis Silva 0-0: Foul Ball, location: 9LSF
0-1: Ball
1-1: Ball
2-1: Ball
3-1: Base on Balls
Batting: SHB Sergio Alcantara 0-0: Swinging Strike
0-1: Foul Ball, location: 7LDF
0-2: Ball
1-2: SINGLE (Groundball, 6MD, EV 83 MPH)
Rainis Silva to second
Runner from 2nd tries for 3rd, OUT! 8-5
Sergio Alcantara to second
Batting: RHB Kurt Daniel 0-0: Ball
1-0: Called Strike
1-1: Ground out 4-3 (Groundball, 4S, EV 74 MPH)
Top of the 3rd over - 0 runs, 1 hit, 0 errors, 1 left on base; Miami 0 - Washington 3
BOTTOM OF THE 3RD
Washington Nationals batting - Pitching for Miami Marlins : RHP Al Wills
Batting: RHB Monte Harrison 0-0: Ball
1-0: Ball
2-0: Foul Ball, location: 2F
2-1: Ball
3-1: Foul Ball, location: 2F
3-2: Strikes out swinging
Batting: RHB Michael Choice 0-0: Swinging Strike
0-1: Swinging Strike
0-2: Ball
1-2: Ball
2-2: Fly out, F9 (Flyball, 9D, EV 99 MPH)
Batting: RHB Manny Machado 0-0: SINGLE (Line Drive, 8LS, EV 89 MPH)
Batting: RHB Sean Daniels 0-0: Called Strike
0-1: Foul Ball, location: 5F
0-2: Ball
1-2: Fly out, F6 (Popup, 6, EV 56 MPH)
Bottom of the 3rd over - 0 runs, 1 hit, 0 errors, 1 left on base; Miami 0 - Washington 3
TOP OF THE 4TH
Miami Marlins batting - Pitching for Washington Nationals : RHP Kirk Griffith
Batting: LHB Daryl Hatfield 0-0: Swinging Strike
0-1: Ball
1-1: Called Strike
1-2: Ball
2-2: Fly out, F9 (Flyball, 9LD, EV 102 MPH)
Batting: SHB Edgardo Medina 0-0: Ball
1-0: SINGLE (Line Drive, 89M, EV 94 MPH)
Batting: RHB Sam Jones 0-0: Called Strike
0-1: Foul Ball, location: 2F
0-2: Strikes out swinging
Batting: RHB Edgardo Franco 0-0: Ball
1-0: Foul Ball, location: 5F
1-1: Called Strike
1-2: Ball
2-2: Foul Ball, location: 2F
2-2: Ball
3-2: Fly out, F8 (Flyball, 78D, EV 91 MPH)
Top of the 4th over - 0 runs, 1 hit, 0 errors, 1 left on base; Miami 0 - Washington 3
BOTTOM OF THE 4TH
Washington Nationals batting - Pitching for Miami Marlins : RHP Al Wills
Batting: RHB Oscar Hernandez 0-0: Ball
1-0: Ball
2-0: Ball
3-0: Base on Balls
Batting: LHB David Dahl 0-0: Foul Ball, location: 5F
0-1: Ball
1-1: Ball
2-1: Ball
3-1: Called Strike
3-2: Ground out 6-3 (Groundball, 6D, EV 77 MPH)
Oscar Hernandez to second
Batting: LHB Greg Bird 0-0: Swinging Strike
0-1: Reached on error, E1 (Groundball, 23, EV 64 MPH)
Oscar Hernandez to third
Batting: RHB Chris Jarvis 0-0: Swinging Strike
0-1: Swinging Strike
0-2: Fly out, F8 (Line Drive, 89D, EV 82 MPH)
Runner from 3rd tags up, SCORES, throw by CF
Batting: SHB Lucius Fox Jr. 0-0: Fly out, F6 (Popup, 6, EV 50 MPH)
Bottom of the 4th over - 1 run, 0 hits, 1 error, 1 left on base; Miami 0 - Washington 4
TOP OF THE 5TH
Miami Marlins batting - Pitching for Washington Nationals : RHP Kirk Griffith
Batting: RHB Luis Alvarado 0-0: Called Strike
0-1: Ball
1-1: Foul Ball, location: 2F
1-2: Strikes out looking
Batting: RHB Darrell Taylor 0-0: Called Strike
0-1: Foul Ball, location: 7LSF
0-2: Ball
1-2: Strikes out looking
Batting: RHB Rainis Silva 0-0: Called Strike
0-1: Ground out 5-3 (Groundball, 5S, EV 55 MPH)
Top of the 5th over - 0 runs, 0 hits, 0 errors, 0 left on base; Miami 0 - Washington 4
BOTTOM OF THE 5TH
Washington Nationals batting - Pitching for Miami Marlins : RHP Al Wills
Batting: RHB Monte Harrison 0-0: Called Strike
0-1: Ball
1-1: Ball
2-1: SINGLE (Line Drive, 9, EV 95 MPH)
Batting: RHB Michael Choice 0-0: SINGLE (Groundball, 4MD, EV 107 MPH)
Monte Harrison to second
Batting: RHB Manny Machado 0-0: Called Strike
0-1: Fly out, F8 (Flyball, 8RM, EV 90 MPH)
Batting: RHB Sean Daniels 0-0: Called Strike
0-1: Ball
1-1: Ground out 5-3 (Groundball, 5S, EV 56 MPH)
Monte Harrison to third
Michael Choice to second
Batting: RHB Oscar Hernandez 0-0: Called Strike
0-1: Called Strike
0-2: Ball
1-2: Ball
2-2: Ball
3-2: Base on Balls
Batting: LHB David Dahl 0-0: Called Strike
0-1: Ball
1-1: Ground out 6-3 (Groundball, 6S, EV 70 MPH)
Bottom of the 5th over - 0 runs, 2 hits, 0 errors, 3 left on base; Miami 0 - Washington 4
TOP OF THE 6TH
Miami Marlins batting - Pitching for Washington Nationals : RHP Kirk Griffith
Batting: SHB Sergio Alcantara 0-0: Ball
1-0: Ball
2-0: Ground out U3 (Groundball, 13, EV 79 MPH)
Batting: RHB Kurt Daniel 0-0: Ball
1-0: Swinging Strike
1-1: SINGLE (Line Drive, 89D, EV 73 MPH)
Batting: LHB Daryl Hatfield 0-0: SINGLE (Groundball, 4MD, EV 108 MPH)
Kurt Daniel to second
Batting: SHB Edgardo Medina 0-0: Called Strike
0-1: Ball
1-1: SINGLE (Groundball, 3D, EV 91 MPH)
Kurt Daniel to third
Daryl Hatfield to second
Runner from 3rd tries for Home, SAFE, throw by RF to home
Batting: RHB Sam Jones 0-0: Foul Ball, location: 23FF
0-1: Ball
1-1: Fly out, F4 (Popup, 3S, EV 65 MPH)
Batting: RHB Edgardo Franco 0-0: Called Strike
0-1: SINGLE (Groundball, 5D, EV 91 MPH)
Daryl Hatfield to third
Edgardo Medina to second
Runner from 3rd tries for Home, SAFE, throw by LF to home
Batting: RHB Luis Alvarado 0-0: Ball
1-0: Ball
2-0: Fly out, F8 (Flyball, 78D, EV 98 MPH)
Top of the 6th over - 2 runs, 4 hits, 0 errors, 2 left on base; Miami 2 - Washington 4
BOTTOM OF THE 6TH
Washington Nationals batting - Pitching for Miami Marlins : RHP Al Wills
Batting: LHB Greg Bird 0-0: Ball
1-0: Called Strike
1-1: Fly out, F2 (Popup, 2LF, EV 53 MPH)
Batting: RHB Chris Jarvis 0-0: Swinging Strike
0-1: Foul Ball, location: 25FF
0-2: Ball
1-2: Strikes out swinging
Batting: SHB Lucius Fox Jr. 0-0: Ball
1-0: Called Strike
1-1: Foul Ball, location: 2F
1-2: Strikes out swinging
Bottom of the 6th over - 0 runs, 0 hits, 0 errors, 0 left on base; Miami 2 - Washington 4
TOP OF THE 7TH
Miami Marlins batting - Pitching for Washington Nationals : RHP Kirk Griffith
Batting: RHB Darrell Taylor 0-0: Ball
1-0: Fly out, F8 (Flyball, 8RD, EV 98 MPH)
Batting: RHB Rainis Silva 0-0: Ball
1-0: SINGLE (Groundball, 3D, EV 100 MPH)
Batting: SHB Sergio Alcantara 0-0: Swinging Strike
0-1: Foul Ball, location: 23FF
0-2: Ball
1-2: Ball
2-2: Ball
3-2: Ground out 6-3 (Groundball, 6MS, EV 81 MPH)
Rainis Silva to second
Batting: RHB Kurt Daniel 0-0: Called Strike
0-1: Ball
1-1: Foul Ball, location: 2F
1-2: Foul Ball, location: 25F
1-2: Ball
2-2: Ball
3-2: Strikes out looking
Top of the 7th over - 0 runs, 1 hit, 0 errors, 1 left on base; Miami 2 - Washington 4
BOTTOM OF THE 7TH
Washington Nationals batting - Pitching for Miami Marlins : RHP Al Wills
Pitching: RHP José Domínguez
Batting: RHB Monte Harrison 0-0: Ball
1-0: Called Strike
1-1: Swinging Strike
1-2: Foul Ball, location: 3DF
1-2: Ball
2-2: Ball
3-2: Base on Balls
Batting: RHB Michael Choice 0-0: Ball
1-0: Ball
2-0: Ball
3-0: Called Strike
3-1: SINGLE (Line Drive, 7, EV 97 MPH)
Monte Harrison to second
Runner from 2nd tries for 3rd, SAFE, throw by LF made to third
Batting: RHB Manny Machado 0-0: Ball
1-0: Ball
2-0: Foul Ball, location: 7LSF
2-1: SINGLE (Line Drive, 78M, EV 86 MPH)
Monte Harrison scores
Michael Choice to second
Runner from 2nd tries for 3rd, SAFE, throw by LF made to third
Batting: RHB Sean Daniels 0-0: Ball
1-0: Swinging Strike
1-1: Ball
2-1: Called Strike
2-2: Ball
3-2: Strikes out swinging
Batting: RHB Oscar Hernandez 0-0: Called Strike
0-1: Ball
1-1: Ball
2-1: Called Strike
2-2: Strikes out swinging
Pitching: LHP Robby Parkinson
Batting: LHB David Dahl 0-0: Called Strike
0-1: Foul Ball, location: 5SF
0-2: Foul Ball, location: 7LMF
0-2: Ball
1-2: Fielders Choice at 2nd, 6-4 (Groundball, 56, EV 94 MPH)
Bottom of the 7th over - 1 run, 2 hits, 0 errors, 2 left on base; Miami 2 - Washington 5
TOP OF THE 8TH
Miami Marlins batting - Pitching for Washington Nationals : RHP Kirk Griffith
Batting: LHB Daryl Hatfield 0-0: Foul Ball, location: 3F
0-1: Swinging Strike
0-2: Ball
1-2: Ground out 5-3 (Groundball, 6S, EV 59 MPH)
Batting: SHB Edgardo Medina 0-0: DOUBLE (Flyball, 8LXD, EV 104 MPH)
Pitching: RHP Mike Adkins
Batting: RHB Sam Jones 0-0: Ball
1-0: Ball
2-0: Swinging Strike
2-1: Ball
3-1: Fly out, F9 (Line Drive, 9D, EV 105 MPH)
Batting: RHB Edgardo Franco 0-0: Ground out 5-3 (Groundball, 5S, EV 90 MPH)
Top of the 8th over - 0 runs, 1 hit, 0 errors, 1 left on base; Miami 2 - Washington 5
BOTTOM OF THE 8TH
Washington Nationals batting - Pitching for Miami Marlins : LHP Robby Parkinson
Pitching: RHP António Fontanez
Batting: LHB Greg Bird 0-0: Swinging Strike
0-1: Called Strike
0-2: Ball
1-2: Ball
2-2: Fly out, F7 (Line Drive, 7, EV 91 MPH)
Batting: RHB Chris Jarvis 0-0: Called Strike
0-1: Foul Ball, location: 9LMF
0-2: Fly out, F8 (Line Drive, 8LM, EV 69 MPH)
Batting: SHB Lucius Fox Jr. 0-0: Called Strike
0-1: Swinging Strike
0-2: Ground out 6-3 (Groundball, 6MS, EV 93 MPH)
Bottom of the 8th over - 0 runs, 0 hits, 0 errors, 0 left on base; Miami 2 - Washington 5
TOP OF THE 9TH
Miami Marlins batting - Pitching for Washington Nationals : RHP Mike Adkins
Pitching: RHP Robbie McJannett
Batting: RHB Luis Alvarado 0-0: Foul Ball, location: 25F
0-1: Ball
1-1: Swinging Strike
1-2: Strikes out looking
Batting: RHB Darrell Taylor 0-0: Called Strike
0-1: Foul Ball, location: 9LMF
0-2: Foul Ball, location: 9LDF
0-2: Ground out 6-3 (Groundball, 6S, EV 70 MPH)
Batting: RHB Rainis Silva 0-0: Foul Ball, location: 3F
0-1: Foul Ball, location: 5SF
0-2: Strikes out swinging
Top of the 9th over - 0 runs, 0 hits, 0 errors, 0 left on base; Miami 2 - Washington 5
Thursday, September 3rd , 2026 - OOTP Baseball 27.4 Build 76